 Dungeon Crawl Stone Soup version 0.28.0-53-g5a82cb258f (webtiles) character file.

Game seed: 8157144800719247838

1873 Sin92 the Chopper (level 8, 0/67 HPs)
             Began as a Demonspawn Fighter on Aug 15, 2022.
             Was a Believer of Okawaru.
             Killed from afar by an electric eel (5 damage)
             ... with a bolt of electricity
             ... on level 7 of the Dungeon.
             The game lasted 00:08:02 (6507 turns).

Sin92 the Chopper (Demonspawn Fighter)              Turns: 6507, Time: 00:08:02

Health: 0/67       AC: 11    Str: 18    XL:     8   Next: 91%
Magic:  8/8        EV:  6    Int:  9    God:    Okawaru [**....]
Gold:   433        SH: 16    Dex: 12    Spells: 7/7 levels left

rFire   . . .      SeeInvis .   a - +4 war axe
rCold   . . .      Faith    .   u - +3 tower shield
rNeg    . . .      Spirit   .   b - +1 scale mail
rPois   .          Reflect  .   (no helmet)
rElec   .          Harm     .   (no cloak)
rCorr   .          Rampage  .   k - +0 pair of gloves
Will    .....                   (no boots)
Stlth   ..........              (no amulet)
HPRegen 1.01/turn               (no ring)
MPRegen 0.11/turn               (no ring)

@: no status effects
A: hooves 2, rugged brown scales 2, spiny 1, dopey 1, regeneration 1, subdued
magic 1
a: Renounce Religion, Heroism


You were on level 7 of the Dungeon.
You worshipped Okawaru.
Okawaru was pleased with you.
You visited 2 branches of the dungeon, and saw 8 of its levels.

You collected 433 gold pieces.

Inventory:

Hand Weapons
 a - a +4 war axe (weapon)
Armour
 b - a +1 scale mail (worn)
 c - a +0 buckler
 h - a +0 chain mail
 k - a +0 pair of gloves (worn)
 u - a +3 tower shield (worn)
Wands
 r - a wand of flame (11)
 w - a wand of acid (9)
 x - a wand of mindburst (14)
Scrolls
 m - 6 scrolls of identify
 s - a scroll of fog
Potions
 d - 3 potions of might
 e - 2 potions of magic
 f - a potion of brilliance
 l - 2 potions of mutation
 n - 2 potions of haste
 o - a potion of berserk rage {unknown}
 p - a potion of ambrosia {unknown}
 q - a potion of resistance {unknown}
 v - 2 potions of cancellation {unknown}


   Skills:
 + Level 6.0 Fighting
 * Level 6.9 Axes
 + Level 5.4 Armour
 + Level 5.4 Shields


You had 7 spell levels left.
You didn't know any spells.
Your spell library contained the following spells:

 Spells                   Type           Power      Damage    Failure   Level
 Slow                     Hex            0%         N/A       100%        1
 Ensorcelled Hibernation  Hex/Ice        0%         N/A       100%        2
 Passwall                 Tmut/Erth      0%         N/A       100%        2
 Confusing Touch          Hex            0%         N/A       100%        3
 Swiftness                Air            0%         N/A       100%        3
 Vampiric Draining        Necr           0%         2d6       100%        3


Dungeon Overview and Level Annotations

Branches:
Dungeon (7/15)             Temple (1/1) D:5

Altars:
Ashenzari
Cheibriados
Dithmenos
Elyvilon
Fedhas
Gozag
Kikubaaqudgha
Makhleb
Nemelex Xobeh
Okawaru
Qazlal
Ru
Sif Muna
Trog
Uskayaw
Vehumet
Wu Jian
Xom
Yredelemnul
Zin
The Shining One

Shops:
D:3 ((?:   D:7 **

Annotations:
D:3 1 transporter, Deeps's ghost, novice MiFi
D:6 1 runed translucent door, styxcanada's ghost, novice SpBr


Innate Abilities, Weirdness & Mutations

You have hoof-like feet.
You are mostly covered in rugged brown scales. (AC +2, +5% HP)
You are partially covered in sharp spines.
You are dopey. (Int -2)
Your natural rate of healing is unusually fast.
Your spells are a little easier to cast, but a little less powerful.


Message History

The bolt of electricity hits you!
An electric eel is nearby!
The electric eel shoots out a bolt of lightning at you!
The bolt of electricity hits you! x2
The bolt of electricity hits the electric eel.
The electric eel completely resists.
An electric eel is nearby!
You miss the electric eel.
You kick the electric eel, but do no damage.
An electric eel is nearby!
You completely miss the electric eel. You kick the electric eel.
The electric eel is moderately wounded.
The electric eel shoots out a bolt of lightning at you!
The bolt of electricity hits you! x2
The bolt of electricity hits the electric eel.
The electric eel completely resists.
An electric eel is nearby!
You are too injured to fight recklessly!
Unknown command.
An electric eel is nearby!
You are too injured to fight recklessly!
An electric eel is nearby!
You are too injured to fight recklessly!
Unknown command.
Unknown command.
An electric eel is nearby!
You are too injured to fight recklessly!
Unknown command.
An electric eel is nearby!
You slash the electric eel! Your kick misses the electric eel.
The electric eel is almost dead.
The electric eel shoots out a bolt of lightning at you!
The bolt of electricity hits you!
* * * LOW HITPOINT WARNING * * *
The bolt of electricity hits you!
* * * LOW HITPOINT WARNING * * *
The bolt of electricity misses the electric eel.
The electric eel shoots out a bolt of lightning at you!
The bolt of electricity hits you.
You die...

#####..### ##.
#.........> ##..
#........†. #...
#..###.###. ##...# ##
###.###. #..... #.......
.#.....## #.......
........### ######..
.......@..# ##.(##..
≈≈≈≈≈≈S≈≈.# #...#...
........≈.#######....(..
.≈≈≈≈≈≈.≈.).............
.≈....≈.≈..############[
.≈.≈≈$≈.≈..# #..
.≈.∩≈.≈.≈..# #..
.≈≈≈≈.≈.≈..# ##.
....≈/≈..# ##


You could see an electric eel.

Vanquished Creatures
  2 water moccasins (D:7)
  An ice beast (D:4)
  2 sky beasts
  A black bear (D:5)
  3 necrophages (D:6)
  A centaur (D:5)
  3 ogres
  A gnoll sergeant (D:6)
  A bullfrog (D:7)
  2 scorpions
  3 howler monkeys (D:7)
  A crimson imp (D:7)
  A hound (D:5)
  A jelly (D:3)
  A centaur skeleton (D:7)
  An iguana (D:5)
  6 adders
  4 gnolls (D:6)
  2 shadow imps
  An ufetubus (D:3)
  2 dart slugs
  6 orcs (D:3)
  7 endoplasms
  4 giant cockroaches
  10 goblins
  10 hobgoblins
  3 quokkas
  3 ball pythons (D:3)
  4 bats
  A frilled lizard (D:1)
  7 kobolds
  4 rats
99 creatures vanquished.

Notes
Turn   | Place    | Note
-------+----------+-------------------------------------------
     0 | D:1      | Sin92 the Demonspawn Fighter began the quest for the Orb.
     0 | D:1      | Reached XP level 1. HP: 18/18 MP: 1/1
   634 | D:1      | Gained mutation: You are partially covered in rugged brown
                  | scales. (AC +1, +3% HP) [demonic ancestry]
   634 | D:1      | Reached XP level 2. HP: 15/24 MP: 2/2
   738 | D:1      | Found a faded altar of an unknown god.
  1234 | D:2      | Gained mutation: You have large cloven feet. [demonic
                  | ancestry]
  1234 | D:2      | Reached XP level 3. HP: 28/29 MP: 3/3
  1655 | D:2      | Gained mutation: You have hoof-like feet. [demonic
                  | ancestry]
  1655 | D:2      | Reached XP level 4. HP: 22/36 MP: 4/4
  2120 | D:3      | Found Jusaami's Weapon Shop.
  2418 | D:3      | Found Jimud's Book Boutique.
  2436 | D:3      | Found Deonix's Magic Scroll Boutique.
  2589 | D:3      | Found a basalt altar of Yredelemnul.
  2591 | D:3      | Found a stormy altar of Qazlal.
  2696 | D:3      | Reached XP level 5. HP: 18/43 MP: 5/5
  2975 | D:3      | Found Gasupnic's Weapon Emporium.
  3006 | D:3      | Found a transporter.
  3006 | D:3      | Identified the +3 great mace of Ofiul {spect, rElec rF++
                  | Will- rCorr}
  3006 | D:3      | Noticed an ogre
  3006 | D:3      | Noticed Deeps's ghost (novice MiFi)
  3008 | D:3      | Noticed an ogre
  3339 | D:4      | Noticed an ice beast
  3348 | D:4      | Killed an ice beast
  3440 | D:4      | Reached XP level 6. HP: 45/49 MP: 6/6
  4051 | D:5      | Entered Level 5 of the Dungeon
  4051 | D:5      | Noticed a sky beast
  4051 | D:5      | Found a shimmering blue altar of Sif Muna.
  4076 | D:5      | Killed a sky beast
  4176 | D:5      | Gained mutation: You are partially covered in sharp spines.
                  | [demonic ancestry]
  4176 | D:5      | Reached XP level 7. HP: 44/56 MP: 7/7
  4314 | D:5      | Found a staircase to the Ecumenical Temple.
  4347 | Temple   | Entered the Ecumenical Temple
  4421 | Temple   | Became a worshipper of Warmaster Okawaru
  5044 | D:6      | Reached skill level 5 in Axes
  5228 | D:6      | Reached skill level 5 in Fighting
  5543 | D:6      | Found a runed translucent door.
  5543 | D:6      | Noticed styxcanada's ghost (novice SpBr)
  5543 | D:6      | Noticed a boulder beetle
  5681 | D:6      | Found a broken altar of Ashenzari.
  5728 | D:6      | Gained mutation: You are mostly covered in rugged brown
                  | scales. (AC +2, +5% HP) [demonic ancestry]
  5728 | D:6      | Reached XP level 8. HP: 51/65 MP: 8/8
  5805 | D:6      | Reached * piety under Okawaru
  6144 | D:7      | Found Merug's CLEARANCE SALE!.
  6165 | D:7      | Reached skill level 5 in Armour
  6165 | D:7      | Reached skill level 5 in Shields
  6165 | D:7      | Gained mutation: You are dopey. (Int -2) [potion of
                  | mutation]
  6165 | D:7      | Gained mutation: Your spells are a little easier to cast,
                  | but a little less powerful. [potion of mutation]
  6165 | D:7      | Gained mutation: Your natural rate of healing is unusually
                  | fast. [potion of mutation]
  6192 | D:7      | Found a sparkling altar of Nemelex Xobeh.
  6260 | D:7      | Reached ** piety under Okawaru
  6285 | D:7      | Found a hide-covered altar of Uskayaw.
  6364 | D:7      | Found a burning altar of Makhleb.
  6500 | D:7      | Found Guphei's Assorted Antiques.
  6507 | D:7      | Killed from afar by an electric eel

Illustrated notes

Levels and vault maps discovered:
D:1:      roderic_chinese_lattice_arrival, layout_loops_corners,
          ebering_ecumenical_altar_ruins, patterned_corridor
D:2:      layout_loops_ring, minivault_27
D:3:      layout_loops_corners, nicolae_overflow_hidden_temple, serial_shops,
          shop, shop, shop, nicolae_diamond_shop, gammafunk_ghost_smash
D:4:      layout_basic
D:5:      layout_cave_pools, nicolae_sif_muna_condensation,
          minmay_temple_entry_grid
D:6:      layout_loops_ring, nicolae_ashenzari_skybound,
          ebering_ghost_inner_flame, hangedman_decor_slide_cut
D:7:      layout_gridville, nemelex_dance_club_becter, makhleb_grotto_becter,
          amcnicky_altar_gilded, serial_shops, nicolae_inconvenience_store,
          kennysheep_donut, nicolae_shop_clearance
Temple:   regret_index_temple_waves

Skill      XL: |  1  2  3  4  5  6  7  8 |
---------------+-------------------------+-----
Axes           | 2 3 4 5 6 |  6.9
Armour         | 3 4 5 |  5.4
Shields        | 3 4 5 |  5.4
Fighting       | 4 5 6 |  6.0

Action                   |  1- 3 |  4- 6 |  7- 9 || total
-------------------------+-------+-------+-------++-------
Melee: War axe           |    80 |    96 |    82 ||   258
       Kick              |     6 |    15 |    25 ||    46
  Use: Scroll            |     4 |     5 |     6 ||    15
       Potion            |       |       |     6 ||     6
Armor: Scale mail        |    42 |    47 |    40 ||   129
Dodge: Dodged            |    34 |    41 |    21 ||    96
Block: Buckler           |    18 |    35 |     2 ||    55
       Tower shield      |       |       |    74 ||    74
